[Event "EYCC Open-U16 2019"]
[Site "Bratislava"]
[Date "2019.08.09"]
[Round "8.36"]
[White "Ghachava, Akaki"]
[Black "Iliaguev, Daniel"]
[Result "1/2-1/2"]
[ECO "C60"]
[WhiteElo "1777"]
[BlackElo "2053"]
[Annotator "NA"]
[PlyCount "84"]
[EventDate "2019.08.02"]
[EventType "swiss"]
[EventCountry "SVK"]
[SourceTitle "playchess.com"]
[Source "ChessBase"]
[SourceQuality "1"]
[TimeControl "40/5400+30:1800+30"]

1. e4 e5 2. Nf3 Nc6 3. Bb5 g6 4. c3 a6 5. Ba4 Nge7 6. O-O Bg7 7. d4 exd4 8. cxd4 d5 9. exd5 Nxd5 10. Re1+ Be6 11. Ne5 O-O 12. Bxc6 bxc6 13. Nxc6 Qd6 14. Ne5 Rfd8 15. Qe2 Nb4 16. a3 Bxe5 17. dxe5 Qd3 18. Qxd3 Nxd3 19. Rf1 Nxe5 20. Bf4 Nd3 21. Bxc7 Rd7 22. Bg3 Nxb2 23. Nc3 Bf5 24. h3 f6 25. Rfe1 Nd3 26. Re3 Nc5 27. Rc1 Rad8 28. Kh2 Rd3 29. Rce1 Rxe3 30. Rxe3 Kf7 31. Bc7 Rc8 32. Bd6 Be6 33. Ne4 Nxe4 34. Rxe4 Rc2 35. Kg3 g5 36. Rb4 Rc6 37. Rb7+ Kg6 38. Bf8 Bf7 39. h4 h5 40. hxg5 fxg5 41. Rd7 Be6 42. Rd6 Rxd6 1/2-1/2

[Event "EYCC Open-U16 2019"]
[Site "Bratislava"]
[Date "2019.08.09"]
[Round "8.37"]
[White "Ghazaryan, Raffi"]
[Black "Stankovic, Milos M"]
[Result "1-0"]
[ECO "B54"]
[WhiteElo "1826"]
[BlackElo "2270"]
[Annotator "NA"]
[PlyCount "131"]
[EventDate "2019.08.02"]
[EventType "swiss"]
[EventCountry "SVK"]
[SourceTitle "playchess.com"]
[Source "ChessBase"]
[SourceQuality "1"]
[TimeControl "40/5400+30:1800+30"]

1. e4 c5 2. Nf3 d6 3. d4 cxd4 4. Nxd4 Nf6 5. f3 a6 6. c4 e6 7. Nc3 Nbd7 8. Be3 Qc7 9. Be2 Be7 10. O-O b6 11. Qd2 Bb7 12. Rfc1 O-O 13. Rab1 Rac8 14. b4 Rfd8 15. Qe1 Bf8 16. Qf2 Rb8 17. a4 Ba8 18. Nb3 Ne5 19. Bd4 Nc6 20. Nd5 exd5 21. cxd5 Qd7 22. dxc6 Bxc6 23. Bxb6 Re8 24. a5 d5 25. Nd4 Bb7 26. e5 Rxe5 27. Bc7 Rxe2 28. Nxe2 Re8 29. Bg3 Bc8 30. Nd4 Nh5 31. Re1 Nxg3 32. Rxe8 Qxe8 33. hxg3 Bd6 34. Re1 Be6 35. Nxe6 fxe6 36. Qb6 Qd7 37. Qxa6 Bxb4 38. Qxe6+ Qxe6 39. Rxe6 Bxa5 40. Kf1 d4 41. Ke2 Bc7 42. g4 Kf7 43. Rc6 Be5 44. Kd3 h6 45. Ke4 Bf6 46. f4 Ke7 47. Ra6 Kf7 48. Kf5 g6+ 49. Ke4 Ke7 50. Ra7+ Kf8 51. Ra6 Ke7 52. f5 gxf5+ 53. gxf5 Kf7 54. Ra7+ Kg8 55. g4 Kf8 56. Kd5 d3 57. Ke6 Bc3 58. f6 Kg8 59. Rd7 d2 60. f7+ Kg7 61. Ke7 Bb4+ 62. Ke8 Kg6 63. Rxd2 Bxd2 64. f8=Q Kg5 65. Qf5+ Kh4 66. Qf2+ 1-0

[Event "EYCC Open-U16 2019"]
[Site "Bratislava"]
[Date "2019.08.09"]
[Round "8.38"]
[White "Redzisz, Michal"]
[Black "Carlsson, Ludvig"]
[Result "1-0"]
[ECO "A46"]
[WhiteElo "2054"]
[BlackElo "2218"]
[Annotator "NA"]
[PlyCount "101"]
[EventDate "2019.08.02"]
[EventType "swiss"]
[EventCountry "SVK"]
[SourceTitle "playchess.com"]
[Source "ChessBase"]
[SourceQuality "1"]
[TimeControl "40/5400+30:1800+30"]

1. d4 Nf6 2. Nf3 d5 3. g3 c5 4. Bg2 cxd4 5. Nxd4 e5 6. Nb3 Be6 7. O-O Be7 8. Bg5 Nbd7 9. Qd3 h6 10. Bxf6 Nxf6 11. Rd1 Qd7 12. Nc3 Rd8 13. Qe3 d4 14. Qxe5 dxc3 15. Rxd7 Rxd7 16. Qxc3 O-O 17. e3 Nd5 18. Bxd5 Rxd5 19. Nd4 Rc8 20. Qd2 h5 21. Qe2 Bg4 22. f3 Bh3 23. c3 Bc5 24. Rd1 Re8 25. e4 Rde5 26. Kf2 b5 27. Ke3 f5 28. Kd3 fxe4+ 29. fxe4 Bg4 30. Qd2 Bxd1 31. Qxd1 Rxe4 32. Qxh5 R8e5 33. Qf3 Re1 34. a3 Kh7 35. h4 a5 36. b4 Bxd4 37. cxd4 Ra1 38. Kc2 Ra2+ 39. Kb1 Ree2 40. Qh5+ Kg8 41. Qd5+ Kh7 42. Qxa2 Re1+ 43. Kb2 Re2+ 44. Ka1 Rxa2+ 45. Kxa2 a4 46. Kb2 Kg6 47. g4 Kf6 48. Kc3 Ke6 49. Kd3 Kd5 50. h5 Ke6 51. Ke4 1-0

[Event "EYCC Open-U16 2019"]
[Site "Bratislava"]
[Date "2019.08.09"]
[Round "8.39"]
[White "Bin-Suhayl, Ieysaa"]
[Black "Dabic, Stjepan"]
[Result "1/2-1/2"]
[ECO "E85"]
[WhiteElo "2084"]
[BlackElo "2102"]
[Annotator "NA"]
[PlyCount "60"]
[EventDate "2019.08.02"]
[EventType "swiss"]
[EventCountry "SVK"]
[SourceTitle "playchess.com"]
[Source "ChessBase"]
[SourceQuality "1"]
[TimeControl "40/5400+30:1800+30"]

1. d4 Nf6 2. c4 g6 3. Nc3 Bg7 4. e4 d6 5. f3 O-O 6. Be3 e5 7. Nge2 Nbd7 8. Qd2 a6 9. d5 h5 10. Nc1 Nh7 11. Be2 f5 12. exf5 gxf5 13. O-O Ndf6 14. c5 Bd7 15. Nb3 f4 16. Bf2 Qe8 17. Na5 Rb8 18. cxd6 cxd6 19. Bb6 Qe7 20. Rac1 h4 21. Ba7 Ra8 22. Bf2 h3 23. g3 fxg3 24. hxg3 e4 25. Nxb7 exf3 26. Bxf3 Bg4 27. Qe2 Bxf3 28. Qxe7 Ng5 29. Qxf6 h2+ 30. Kxh2 Rxf6 1/2-1/2

[Event "EYCC Open-U16 2019"]
[Site "Bratislava"]
[Date "2019.08.09"]
[Round "8.40"]
[White "Novotny, Martin"]
[Black "Acimovic, Sergej"]
[Result "1-0"]
[ECO "E92"]
[WhiteElo "2178"]
[BlackElo "2016"]
[Annotator "NA"]
[PlyCount "59"]
[EventDate "2019.08.02"]
[EventType "swiss"]
[EventCountry "SVK"]
[SourceTitle "playchess.com"]
[Source "ChessBase"]
[SourceQuality "1"]
[TimeControl "40/5400+30:1800+30"]

1. d4 Nf6 2. c4 g6 3. Nc3 Bg7 4. e4 d6 5. Nf3 O-O 6. Be2 e5 7. d5 a5 8. Bg5 Na6 9. Nd2 h6 10. Be3 Nc5 11. g4 Ne8 12. h4 f5 13. h5 f4 14. Bxc5 dxc5 15. hxg6 Nd6 16. Qc2 Rf6 17. O-O-O Rxg6 18. Rdg1 Bd7 19. Nf3 Bf6 20. g5 hxg5 21. Nh4 Rg7 22. Nf5 Bxf5 23. exf5 Qd7 24. Rh6 Kf7 25. Ne4 Nxe4 26. Qxe4 Rf8 27. Rgh1 Ke8 28. Bg4 Kd8 29. Rxf6 Rxf6 30. Rh8+ 1-0

[Event "EYCC Open-U16 2019"]
[Site "Bratislava"]
[Date "2019.08.09"]
[Round "8.41"]
[White "Zetocha, Adrian"]
[Black "Karadzhov, Ivan"]
[Result "0-1"]
[ECO "D45"]
[WhiteElo "2193"]
[BlackElo "2023"]
[Annotator "NA"]
[PlyCount "110"]
[EventDate "2019.08.02"]
[EventType "swiss"]
[EventCountry "SVK"]
[SourceTitle "playchess.com"]
[Source "ChessBase"]
[SourceQuality "1"]
[TimeControl "40/5400+30:1800+30"]

1. d4 d5 2. c4 c6 3. e3 Nf6 4. Nc3 e6 5. Nf3 Bd6 6. Qc2 O-O 7. Bd3 Nbd7 8. O-O dxc4 9. Bxc4 e5 10. Rd1 Qe7 11. e4 exd4 12. Nxd4 Ne5 13. Be2 Ng6 14. Nf5 Bxf5 15. exf5 Nf4 16. Bf3 N4d5 17. g3 Nxc3 18. bxc3 Rfe8 19. Rb1 Bc5 20. Bg5 Bb6 21. Rb4 Rad8 22. Rdb1 Qc5 23. Kg2 h6 24. Bxf6 gxf6 25. Rh4 Kh7 26. Rbb4 Rg8 27. Rbc4 Qd6 28. Bh5 Rgf8 29. Rcf4 Qd2 30. Qa4 Qxc3 31. Qe4 Qe5 32. Qf3 Rd2 33. Qb3 Qd5+ 34. Qxd5 cxd5 35. a3 Rc8 36. Bxf7 Kg7 37. Be6 Rcc2 38. Rhg4+ Kf8 39. Rg6 Rxf2+ 40. Rxf2 Rxf2+ 41. Kh3 d4 42. Rxf6+ Ke7 43. Rxh6 d3 44. Rh7+ Kf6 45. Rd7 d2 46. g4 Bc7 47. g5+ Kxg5 48. Rg7+ Kf6 49. Rd7 Rxh2+ 50. Kg4 Ke5 51. Rd5+ Kf6 52. Kf3 Rh3+ 53. Ke2 Bf4 54. a4 Re3+ 55. Kd1 Re1+ 0-1

[Event "EYCC Open-U16 2019"]
[Site "Bratislava"]
[Date "2019.08.09"]
[Round "8.42"]
[White "Darmogray, Makar"]
[Black "Mica, Marek"]
[Result "1/2-1/2"]
[ECO "C18"]
[WhiteElo "2004"]
[BlackElo "2222"]
[Annotator "NA"]
[PlyCount "180"]
[EventDate "2019.08.02"]
[EventType "swiss"]
[EventCountry "SVK"]
[SourceTitle "playchess.com"]
[Source "ChessBase"]
[SourceQuality "1"]
[TimeControl "40/5400+30:1800+30"]

1. e4 e6 2. d4 d5 3. Nc3 Bb4 4. e5 c5 5. a3 Bxc3+ 6. bxc3 Qc7 7. Qd2 Ne7 8. f4 b6 9. Nf3 Ba6 10. Bd3 Bxd3 11. cxd3 c4 12. O-O cxd3 13. Qxd3 Nbc6 14. a4 Na5 15. Nd2 Rc8 16. Rf3 Qd7 17. g4 g6 18. Rh3 Nc4 19. Nf3 Kf8 20. Ng5 Kg7 21. Ra2 h6 22. Nf3 Rh7 23. Nh4 h5 24. Ng2 hxg4 25. Rxh7+ Kxh7 26. Qg3 Nf5 27. Qxg4 Kg7 28. Nh4 Nxh4 29. Qxh4 Qd8 30. Qg3 Qh8 31. Qg4 Na5 32. Bd2 Qh5 33. Qxh5 gxh5 34. Be1 Rg8 35. Rg2+ Kh7 36. Rxg8 Kxg8 37. Bd2 Kg7 38. Kf2 Kg6 39. Kg3 Nb3 40. Be3 Na5 41. Bd2 Nc6 42. Bc1 Ne7 43. Ba3 Nf5+ 44. Kf3 Kg7 45. Bd6 Nh6 46. h3 Nf5 47. Bb8 a6 48. Bc7 b5 49. axb5 axb5 50. Bd6 f6 51. Bc7 fxe5 52. fxe5 Ne7 53. Bd8 Nc6 54. Bb6 b4 55. cxb4 Nxb4 56. Kf4 Kg6 57. Ba5 Nd3+ 58. Ke3 Nb2 59. Kf4 Nd1 60. Be1 Nb2 61. Bc3 Nc4 62. Bb4 Nb6 63. Bc5 Na4 64. Bb4 Nb2 65. Bc3 Nd1 66. Be1 Kh6 67. Bd2 Nb2 68. Ba5 Na4 69. Bb4 Nb2 70. Bc5 Kg6 71. Ba7 Nd1 72. Bc5 Nc3 73. Bb6 Ne4 74. Ba7 Kf7 75. Bb6 Ke7 76. Ba5 Kd7 77. h4 Kc6 78. Bd8 Kb5 79. Ke3 Kc4 80. Bb6 Kc3 81. Bc5 Ng3 82. Kf4 Ne4 83. Ke3 Kc4 84. Bb6 Kb3 85. Kd3 Kb2 86. Ba5 Ng3 87. Be1 Nf5 88. Bf2 Kb3 89. Be1 Kb2 90. Bf2 Kb3 {[%emt 0:05:33] Ke4} 1/2-1/2

[Event "EYCC Open-U16 2019"]
[Site "Bratislava"]
[Date "2019.08.09"]
[Round "8.43"]
[White "Vujovic, Savo"]
[Black "Pobor, Milo"]
[Result "1/2-1/2"]
[ECO "D37"]
[WhiteElo "2023"]
[BlackElo "2067"]
[Annotator "NA"]
[PlyCount "44"]
[EventDate "2019.08.02"]
[EventType "swiss"]
[EventCountry "SVK"]
[SourceTitle "playchess.com"]
[Source "ChessBase"]
[SourceQuality "1"]
[TimeControl "40/5400+30:1800+30"]

1. d4 Nf6 2. c4 e6 3. Nc3 d5 4. Nf3 Nbd7 5. Bg5 Be7 6. e3 h6 7. Bh4 O-O 8. Rc1 dxc4 9. Bxc4 a6 10. a4 c5 11. O-O cxd4 12. Nxd4 Nb6 13. Be2 Nbd5 14. Qb3 Nxc3 15. bxc3 Nd5 16. Bxe7 Nxe7 17. Rfd1 Qc7 18. Qa3 Nc6 19. Bf3 Nxd4 20. cxd4 Qd7 21. d5 exd5 22. Rxd5 Qe6 1/2-1/2

[Event "EYCC Open-U16 2019"]
[Site "Bratislava"]
[Date "2019.08.09"]
[Round "8.44"]
[White "Sargsyan, Sargis Vach."]
[Black "Gomez Carreno, Martin"]
[Result "1-0"]
[ECO "A44"]
[WhiteElo "1923"]
[BlackElo "2078"]
[Annotator "NA"]
[PlyCount "81"]
[EventDate "2019.08.02"]
[EventType "swiss"]
[EventCountry "SVK"]
[SourceTitle "playchess.com"]
[Source "ChessBase"]
[SourceQuality "1"]
[TimeControl "40/5400+30:1800+30"]

1. d4 c5 2. d5 e5 3. e4 d6 4. Nc3 g6 5. Nf3 Bg7 6. Bb5+ Nd7 7. a4 a6 8. Be2 Ne7 9. O-O O-O 10. Nd2 f5 11. Nc4 Nb6 12. Nxb6 Qxb6 13. exf5 Bxf5 14. a5 Qc7 15. Bd3 Rae8 16. Be4 Kh8 17. f3 Ng8 18. Qd3 Bh6 19. Bxh6 Nxh6 20. Qe3 Qg7 21. Ra3 Ng8 22. g4 Bc8 23. Rb3 Nf6 24. Rb6 Qe7 25. Qh6 Nd7 26. Rb3 Rf4 27. Ne2 Rf7 28. g5 Nf8 29. Ng3 Bf5 30. Rb6 Rd8 31. c4 Bc8 32. h4 Qd7 33. Kf2 Rf4 34. Rh1 Qg7 35. Qxg7+ Kxg7 36. h5 Rf7 37. hxg6 hxg6 38. Rh6 Rc7 39. Ke3 Rf7 40. Bd3 Rc7 41. Bxg6 1-0

[Event "EYCC Open-U16 2019"]
[Site "Bratislava"]
[Date "2019.08.09"]
[Round "8.45"]
[White "Silich, Yahor"]
[Black "Magold, Victor"]
[Result "1-0"]
[ECO "B40"]
[WhiteElo "2100"]
[BlackElo "1962"]
[Annotator "NA"]
[PlyCount "87"]
[EventDate "2019.08.02"]
[EventType "swiss"]
[EventCountry "SVK"]
[SourceTitle "playchess.com"]
[Source "ChessBase"]
[SourceQuality "1"]
[TimeControl "40/5400+30:1800+30"]

1. e4 c5 2. Nf3 e6 3. Nc3 a6 4. g3 Nc6 5. Bg2 Nf6 6. O-O d5 7. exd5 Nxd5 8. Ne4 Be7 9. d3 O-O 10. a4 b6 11. Nfd2 Bb7 12. Nc4 Qc7 13. Bd2 b5 14. Na3 b4 15. Nc4 Ne5 16. Qh5 Nd7 17. Rfe1 N7f6 18. Qe2 Rfd8 19. a5 Re8 20. Ng5 Bd6 21. c3 bxc3 22. bxc3 h6 23. Ne4 Be7 24. Rab1 Bc6 25. f4 Rab8 26. Ne5 Ba8 27. c4 Nxe4 28. Bxe4 Nf6 29. Bxa8 Rxa8 30. Qf3 Rab8 31. Qc6 Qxc6 32. Nxc6 Ra8 33. Bc3 Kf8 34. Rb7 Bd6 35. Be5 Bxe5 36. Nxe5 Re7 37. Rxe7 Kxe7 38. Rb1 Ne8 39. Rb7+ Kd8 40. Rxf7 Kc8 41. Re7 Nc7 42. Rxg7 Kb7 43. Rh7 Rb8 44. h4 1-0

[Event "EYCC Open-U16 2019"]
[Site "Bratislava"]
[Date "2019.08.09"]
[Round "8.46"]
[White "Grutter, Tim"]
[Black "Velkovski, Kristijan"]
[Result "1-0"]
[ECO "C50"]
[WhiteElo "2091"]
[BlackElo "1953"]
[Annotator "NA"]
[PlyCount "67"]
[EventDate "2019.08.02"]
[EventType "swiss"]
[EventCountry "SVK"]
[SourceTitle "playchess.com"]
[Source "ChessBase"]
[SourceQuality "1"]
[TimeControl "40/5400+30:1800+30"]

1. e4 e5 2. Nf3 Nc6 3. Bc4 Bc5 4. d3 Nf6 5. O-O d6 6. c3 a6 7. Bb3 Ba7 8. Nbd2 O-O 9. h3 h6 10. Re1 Nh5 11. Nf1 Qf6 12. Be3 Nf4 13. d4 Ne7 14. Ng3 Neg6 15. Bc2 Re8 16. Nf5 Bxf5 17. exf5 Ne7 18. dxe5 dxe5 19. Bxa7 Rxa7 20. Rxe5 Raa8 21. Qd2 Ned5 22. Rxd5 Nxd5 23. Qxd5 c6 24. Qc4 Re7 25. Rd1 Rae8 26. Qf4 Re2 27. Rd6 R2e6 28. Rxe6 fxe6 29. Qe3 Kh8 30. Nd4 e5 31. Ne6 Re7 32. Qa7 Rf7 33. Qb8+ Kh7 34. Qe8 1-0

[Event "EYCC Open-U16 2019"]
[Site "Bratislava"]
[Date "2019.08.09"]
[Round "8.47"]
[White "Ampelakiotis, Stavros"]
[Black "Sanger, Jake M"]
[Result "1/2-1/2"]
[ECO "C06"]
[WhiteElo "2080"]
[BlackElo "1867"]
[Annotator "NA"]
[PlyCount "115"]
[EventDate "2019.08.02"]
[EventType "swiss"]
[EventCountry "SVK"]
[SourceTitle "playchess.com"]
[Source "ChessBase"]
[SourceQuality "1"]
[TimeControl "40/5400+30:1800+30"]

1. e4 e6 2. d4 d5 3. Nd2 Nf6 4. e5 Nfd7 5. Bd3 c5 6. c3 Nc6 7. Ne2 cxd4 8. cxd4 f6 9. exf6 Nxf6 10. O-O Bd6 11. Nf3 Qc7 12. g3 O-O 13. Bf4 Bd7 14. Re1 Be8 15. Bxd6 Qxd6 16. Nf4 Bf7 17. Ne5 Rae8 18. Bb5 Nd7 19. Nxd7 Qxd7 20. Rc1 Rc8 21. Qa4 a6 22. Bxc6 Rxc6 23. Rxc6 Qxc6 24. Qxc6 bxc6 25. Kf1 Rb8 26. b3 Rb4 27. Rc1 g5 28. Ne2 Be8 29. f4 gxf4 30. gxf4 a5 31. Rc3 a4 32. bxa4 Rxa4 33. a3 Bh5 34. Rd3 Rc4 35. Ke1 Bxe2 36. Kxe2 Rc2+ 37. Rd2 Rc3 38. Ra2 Rh3 39. Ke1 Re3+ 40. Kf2 Rh3 41. Kg2 Rd3 42. Rc2 Rxd4 43. Rxc6 Kf7 44. Rc7+ Kf6 45. Rxh7 Rxf4 46. Rh3 Ra4 47. Rf3+ Kg5 48. Re3 Kf5 49. Rf3+ Ke4 50. h4 d4 51. Kf2 e5 52. h5 d3 53. Rh3 Rxa3 54. Rh4+ Kf5 55. h6 Ra8 56. h7 Rh8 57. Ke3 Kg6 58. Ke4 1/2-1/2

[Event "EYCC Open-U16 2019"]
[Site "Bratislava"]
[Date "2019.08.09"]
[Round "8.48"]
[White "Holly, Andrej"]
[Black "Keprt, Tomas"]
[Result "1-0"]
[ECO "B35"]
[WhiteElo "2046"]
[BlackElo "1438"]
[Annotator "NA"]
[PlyCount "85"]
[EventDate "2019.08.02"]
[EventType "swiss"]
[EventCountry "SVK"]
[SourceTitle "playchess.com"]
[Source "ChessBase"]
[SourceQuality "1"]
[TimeControl "40/5400+30:1800+30"]

1. e4 c5 2. Nf3 Nc6 3. Nc3 g6 4. d4 cxd4 5. Nxd4 Bg7 6. Be3 Nf6 7. Bc4 O-O 8. Bb3 d6 9. f3 Bd7 10. Qd2 Re8 11. O-O-O a6 12. h4 h5 13. Nxc6 bxc6 14. Bh6 Bh8 15. g4 Qa5 16. gxh5 Qxh5 17. Rdg1 Bg7 18. Bxg7 Kxg7 19. Qf2 Rh8 20. Ne2 Qh6+ 21. Kb1 Qd2 22. Rd1 Qb4 23. a3 Qb5 24. Rdg1 c5 25. Nc3 Qa5 26. Qg2 Rab8 27. Bxf7 Kxf7 28. Qxg6+ Ke6 29. Qf5+ Kf7 30. Qg6+ Ke6 31. Nd5 Rhg8 32. Nf4+ Ke5 33. Qh6 Qb5 34. Rg5+ Kd4 35. Rd1+ Ke3 36. Nd5+ Kf2 37. Rg2+ Rxg2 38. Qe3+ Kg3 39. Qf4+ Kf2 40. Qe3+ Kg3 41. Qf4+ Kf2 42. Rd2+ Ke1 43. Qe3+ 1-0

[Event "EYCC Open-U16 2019"]
[Site "Bratislava"]
[Date "2019.08.10"]
[Round "9.1"]
[White "Van Dael, Siem"]
[Black "Barseghyan, Armen Ar."]
[Result "1/2-1/2"]
[ECO "B36"]
[WhiteElo "2319"]
[BlackElo "2313"]
[Annotator "NA"]
[PlyCount "115"]
[EventDate "2019.08.02"]
[EventType "swiss"]
[EventCountry "SVK"]
[SourceTitle "playchess.com"]
[Source "ChessBase"]
[SourceQuality "1"]
[TimeControl "40/5400+30:1800+30"]

1. e4 c5 2. Nf3 Nc6 3. d4 cxd4 4. Nxd4 g6 5. c4 Nf6 6. Nc3 d6 7. Be2 Nxd4 8. Qxd4 Bg7 9. Be3 O-O 10. Qd2 a5 11. f3 a4 12. O-O Qa5 13. Qc2 Be6 14. Nb5 Rfc8 15. Nd4 b5 16. b4 axb3 17. axb3 Qxa1 18. Rxa1 Rxa1+ 19. Kf2 Bd7 20. Qd2 bxc4 21. Bxc4 e6 22. Ne2 d5 23. Bd4 Raa8 24. exd5 exd5 25. Bxd5 Nxd5 26. Bxg7 Kxg7 27. Qxd5 Rd8 28. Qe5+ Kg8 29. Nc3 Bc6 30. b4 Rd3 31. Qc5 Bb7 32. Nb5 Rad8 33. Qb6 Bc8 34. Na7 Be6 35. Nc6 R8d7 36. b5 Rb3 37. Kg3 h5 38. h4 Kh7 39. Qb8 Bd5 40. Qc8 Be6 41. Qb8 Bd5 42. Na5 Rb1 43. Qb6 Be6 44. Nc6 Bc4 45. Qc5 Bxb5 46. Ne5 Ba4 47. Qa5 Re7 48. Nc4 Bb3 49. Nd6 Rd1 50. Nc8 Re8 51. Nb6 Rb8 52. Qa7 Rxb6 53. Qxb6 Be6 54. Kf4 Rd5 55. g4 Kg7 56. Qb2+ Kh7 57. Qf6 Rb5 58. Qe7 1/2-1/2

[Event "EYCC Open-U16 2019"]
[Site "Bratislava"]
[Date "2019.08.10"]
[Round "9.3"]
[White "Juksta, Karolis"]
[Black "Sahidi, Samir"]
[Result "0-1"]
[ECO "E46"]
[WhiteElo "2261"]
[BlackElo "2369"]
[Annotator "NA"]
[PlyCount "74"]
[EventDate "2019.08.02"]
[EventType "swiss"]
[EventCountry "SVK"]
[SourceTitle "playchess.com"]
[Source "ChessBase"]
[SourceQuality "1"]
[TimeControl "40/5400+30:1800+30"]

1. d4 Nf6 2. c4 e6 3. Nc3 Bb4 4. e3 O-O 5. Nge2 d5 6. a3 Bxc3+ 7. Nxc3 b6 8. Bd3 Ba6 9. Qe2 Nbd7 10. O-O Re8 11. e4 dxe4 12. Nxe4 e5 13. Nxf6+ Qxf6 14. Qg4 Qd6 15. Be3 c5 16. d5 e4 17. Be2 Ne5 18. Bf4 Qf6 19. Bxe5 Qxe5 20. b4 f5 21. Qg5 Rad8 22. Rae1 Rd6 23. Bh5 Rf8 24. b5 Bc8 25. g3 Qd4 26. Qf4 Rdf6 27. Be2 Qb2 28. a4 h6 29. h4 Qa2 30. h5 Qxa4 31. Qd2 f4 32. gxf4 Rxf4 33. Qe3 Qc2 34. Rb1 Bg4 35. Bxg4 Rxg4+ 36. Kh2 Qxc4 37. f3 exf3 0-1

[Event "EYCC Open-U16 2019"]
[Site "Bratislava"]
[Date "2019.08.10"]
[Round "9.4"]
[White "Globus, Or"]
[Black "Malovanyi, Yulian"]
[Result "1-0"]
[ECO "E73"]
[WhiteElo "2352"]
[BlackElo "2204"]
[Annotator "NA"]
[PlyCount "71"]
[EventDate "2019.08.02"]
[EventType "swiss"]
[EventCountry "SVK"]
[SourceTitle "playchess.com"]
[Source "ChessBase"]
[SourceQuality "1"]
[TimeControl "40/5400+30:1800+30"]

1. d4 Nf6 2. c4 g6 3. Nc3 Bg7 4. e4 d6 5. Be2 O-O 6. Be3 c5 7. d5 e6 8. Nf3 Re8 9. Nd2 Na6 10. O-O Nc7 11. a4 Na6 12. h3 Nb4 13. e5 dxe5 14. Bxc5 Na6 15. Ba3 exd5 16. cxd5 Bf8 17. Bxf8 Kxf8 18. Nc4 Nc5 19. f4 e4 20. b4 Na6 21. Qd4 b6 22. Ne3 Bb7 23. g4 Nc7 24. Rad1 Kg8 25. g5 Nd7 26. Ng4 h5 27. gxh6 f6 28. f5 g5 29. d6 Na6 30. Bc4+ Kh8 31. Be6 Nab8 32. Nxe4 Nc6 33. Qb2 Nce5 34. Nexf6 Nxf6 35. Qxe5 Rf8 36. Rc1 1-0

[Event "EYCC Open-U16 2019"]
[Site "Bratislava"]
[Date "2019.08.10"]
[Round "9.6"]
[White "Ceres, Dragos"]
[Black "Teclaf, Pawel"]
[Result "1/2-1/2"]
[ECO "B90"]
[WhiteElo "2266"]
[BlackElo "2454"]
[Annotator "ChessBase"]
[PlyCount "48"]
[EventDate "2019.08.02"]
[EventType "swiss"]
[EventCountry "SVK"]
[SourceTitle "playchess.com"]
[Source "ChessBase"]
[SourceQuality "1"]
[TimeControl "40/5400+30:1800+30"]

1. e4 c5 2. Nf3 d6 3. d4 cxd4 4. Nxd4 Nf6 5. Nc3 a6 6. Be3 e6 7. f3 b5 8. g4 h6 9. Qd2 Nbd7 10. O-O-O Bb7 11. h4 b4 12. Na4 Qa5 13. b3 Nc5 14. a3 Nxa4 15. axb4 Qc7 16. bxa4 Nd7 17. Rh3 Ne5 18. Nb3 Rc8 19. Bd4 Nc6 20. c4 Nxd4 21. Qxd4 Bc6 22. Kb2 Bxa4 23. Ra1 Bxb3 24. Kxb3 Qb7 1/2-1/2

[Event "EYCC Open-U16 2019"]
[Site "Bratislava"]
[Date "2019.08.10"]
[Round "9.7"]
[White "Remizov, Yaroslav"]
[Black "Mis, Mieszko"]
[Result "1-0"]
[ECO "B85"]
[WhiteElo "2357"]
[BlackElo "2284"]
[Annotator "NA"]
[PlyCount "55"]
[EventDate "2019.08.02"]
[EventType "swiss"]
[EventCountry "SVK"]
[SourceTitle "playchess.com"]
[Source "ChessBase"]
[SourceQuality "1"]
[TimeControl "40/5400+30:1800+30"]

1. e4 c5 2. Nf3 e6 3. d4 cxd4 4. Nxd4 Nc6 5. Nc3 Qc7 6. Be2 a6 7. O-O Nf6 8. Be3 Be7 9. f4 d6 10. Qe1 O-O 11. Kh1 Nxd4 12. Bxd4 b5 13. a3 Bb7 14. Qg3 Rad8 15. Bd3 Rd7 16. Rae1 Re8 17. Nd1 Bd8 18. Ne3 e5 19. Nf5 Nh5 20. Qg4 exd4 21. Qxh5 g6 22. Nh6+ Kg7 23. Qh3 Rde7 24. f5 Rxe4 25. fxg6 Bc8 26. Nf5+ Bxf5 27. Qxh7+ Kf6 28. gxf7 1-0

[Event "EYCC Open-U16 2019"]
[Site "Bratislava"]
[Date "2019.08.10"]
[Round "9.10"]
[White "Geher, Koppany"]
[Black "Kacharava, Nikolozi"]
[Result "0-1"]
[ECO "C41"]
[WhiteElo "2211"]
[BlackElo "2431"]
[Annotator "RC"]
[PlyCount "92"]
[EventDate "2019.08.02"]
[EventType "swiss"]
[EventCountry "SVK"]
[SourceTitle "playchess.com"]
[Source "ChessBase"]
[SourceQuality "1"]
[TimeControl "40/5400+30:1800+30"]

1. e4 d6 2. d4 Nf6 3. Nc3 e5 4. Nf3 Nbd7 5. Rg1 g6 6. g4 Bg7 7. g5 Nh5 8. Be3 c6 9. Qd2 Qc7 10. O-O-O b5 11. d5 b4 12. dxc6 bxc3 13. cxd7+ Bxd7 14. Qxd6 cxb2+ 15. Kb1 Qxd6 16. Rxd6 Nf4 17. Ba6 Ba4 18. Rgd1 O-O 19. Bc4 Rfc8 20. Bb3 Ne2 21. Bd2 Bf8 22. Rf6 Bxb3 23. axb3 a5 24. Re1 Nc3+ 25. Bxc3 Rxc3 26. Re3 Rc7 27. Kxb2 a4 28. bxa4 Rxa4 29. Nd2 Be7 30. Rb6 Bxg5 31. Rd3 Bxd2 32. Rxd2 Rxe4 33. f3 Rf4 34. Rb3 Kg7 35. Re3 f6 36. c3 g5 37. Rc2 h5 38. Kb3 Rb7+ 39. Ka3 Rc7 40. Kb3 Rb7+ 41. Ka3 g4 42. fxg4 hxg4 43. Rg3 f5 44. h3 Rf3 45. Rcg2 Rxg3 46. Rxg3 Kg6 0-1

[Event "EYCC Open-U16 2019"]
[Site "Bratislava"]
[Date "2019.08.10"]
[Round "9.11"]
[White "Olsen, Filip Boe"]
[Black "Alonso Garcia, Aaron"]
[Result "1-0"]
[ECO "E16"]
[WhiteElo "2383"]
[BlackElo "2248"]
[Annotator "NA"]
[PlyCount "90"]
[EventDate "2019.08.02"]
[EventType "swiss"]
[EventCountry "SVK"]
[SourceTitle "playchess.com"]
[Source "ChessBase"]
[SourceQuality "1"]
[TimeControl "40/5400+30:1800+30"]

1. d4 Nf6 2. c4 e6 3. Nf3 Bb4+ 4. Bd2 Qe7 5. g3 Nc6 6. Nc3 O-O 7. Bg2 Bxc3 8. Bxc3 Ne4 9. Rc1 d6 10. d5 Nxc3 11. Rxc3 Nd8 12. O-O e5 13. b4 f5 14. e4 Nf7 15. c5 g6 16. Qe2 Re8 17. Rfc1 Bd7 18. Nd2 Rec8 19. Nb3 Nd8 20. exf5 Bxf5 21. f4 Nf7 22. Nd4 Bd7 23. Ne6 c6 24. cxd6 Qxd6 25. fxe5 Nxe5 26. Re3 Nf7 27. Qb2 Bxe6 28. dxe6 Nh6 29. Bh3 Re8 30. Qb3 Qe7 31. Rd1 Qf6 32. Rd7 Re7 33. Rf3 Qg5 34. Qc3 Rae8 35. Rfd3 Nf5 36. Bxf5 gxf5 37. h4 Qg6 38. Rxe7 Rxe7 39. Rd8+ Re8 40. h5 Qxe6 41. h6 Qxh6 42. Rxe8+ Kf7 43. Rb8 Qd6 44. Rxb7+ Ke6 45. Qe3+ Kd5 1-0